 Dungeon Crawl Stone Soup version 0.20-a0-502-g555d78b (webtiles) character file.

10052 Yakui the Spear-Bearer (level 11, 0/86 HPs)
             Began as a Human Fighter on Jan 20, 2017.
             Was an Elder of Makhleb.
             Slain by a black mamba (11 damage)
             ... on level 1 of the Lair of Beasts.
             The game lasted 00:35:28 (13795 turns).

Yakui the Spear-Bearer (Human Fighter)             Turns: 13795, Time: 00:35:28

Health: 0/86       AC: 18    Str: 19    XL:     11   Next: 85%
Magic:  17/17      EV: 10    Int:  8    God:    Makhleb [****..]
Gold:   719        SH:  0    Dex: 20    Spells: 10/10 levels left

rFire    . . .     SeeInvis .   E - +0 halberd
rCold    . . .     Gourm    .   g - +1 plate armour {rN+}
rNeg     + . .     Faith    .   (shield currently unavailable)
rPois    .         Spirit   .   o - +0 helmet
rElec    .         Reflect  .   e - +0 cloak
rCorr    .         Harm     .   (no gloves)
MR       .....                  G - +0 pair of boots
Stlth    ..........             D - amulet of rage
Regen    0.3/turn               I - +4 ring of dexterity
                                t - +2 ring of strength

@: confused, lethally poisoned (0 -> -21)
A: no striking features
a: Minor Destruction, Lesser Servant of Makhleb, Major Destruction, Renounce
Religion, Evoke Berserk Rage


You were on level 1 of the Lair of Beasts.
You worshipped Makhleb.
Makhleb was greatly pleased with you.
You were not hungry.

You visited 3 branches of the dungeon, and saw 14 of its levels.

You collected 719 gold pieces.

Inventory:

Hand Weapons
 E - a +0 halberd (weapon)
 L - a +0 war axe of flaming
 P - a +0 glaive
Missiles
 c - 7 poisoned tomahawks (quivered)
 m - 2 throwing nets
Armour
 e - a +0 cloak (worn)
 g - a +1 plate armour of positive energy (worn)
 o - a +0 helmet (worn)
 G - a +0 pair of boots (worn)
Jewellery
 t - a +2 ring of strength (left hand)
 D - an amulet of rage (around neck)
 F - an uncursed ring of resist corrosion
 I - a +4 ring of dexterity (right hand)
Wands
 n - a wand of random effects (8/48)
 u - a wand of confusion (30/48)
 z - a wand of acid (9/15)
 A - a wand of scattershot (2/9)
 C - a wand of flame (21/48)
 J - a wand of iceblast (7/15)
 Q - a wand of iceblast (10/15)
Scrolls
 b - a scroll of enchant armour
 p - 2 scrolls of teleportation
 s - a scroll of recharging
 v - 2 scrolls of remove curse
 w - 2 scrolls of amnesia
 x - 2 scrolls of fog
 y - 3 scrolls of fear
 B - a scroll of magic mapping
 H - a scroll of immolation {unknown}
Potions
 a - a potion of flight
 d - 4 potions of might
 i - a potion of curing
 j - a potion of heal wounds
 q - 2 potions of haste
 r - a potion of agility
Books
 M - a book of Misfortune

   Spells                             Type                      Level
   a - Confusing Touch                Hexes                        1
   b - Confuse                        Hexes                        3
   c - Gell's Gravitas                Hexes/Translocation          3
   d - Petrify                        Transmutation/Earth          4
   e - Metabolic Englaciation         Hexes/Ice                    5
   f - Yara's Violent Unravelling     Hexes/Transmutation          5
 N - a book of Conjurations

   Spells                             Type                      Level
   a - Magic Dart                     Conjuration                  1
   b - Searing Ray                    Conjuration                  2
   c - Dazzling Spray                 Conjuration/Hexes            3
   d - Fulminant Prism                Conjuration/Hexes            4
   e - Iskenderun's Mystic Blast      Conjuration                  4
   f - Iskenderun's Battlesphere      Conjuration/Charms           5
 O - a book of Necromancy

   Spells                             Type                      Level
   a - Pain                           Necromancy                   1
   b - Animate Skeleton               Necromancy                   1
   c - Vampiric Draining              Necromancy                   3
   d - Regeneration                   Charms/Necromancy            3
   e - Animate Dead                   Necromancy                   4
   f - Control Undead                 Necromancy                   4
Comestibles
 f - 7 bread rations
 h - 5 meat rations
 l - a beef jerky
 K - 9 slices of pizza


   Skills:
 + Level 7.9 Fighting
 * Level 10.8 Polearms
 + Level 7.1 Armour
 + Level 7.3 Dodging
   Level 3.0 Shields
 + Level 8.3 Invocations


You had 10 spell levels left.
You didn't know any spells.

Dungeon Overview and Level Annotations

Branches:
Dungeon (12/15)            Temple (1/1) D:7            Lair (1/6) D:11
    Orc (0/2) D:11

Altars:
Ashenzari
Cheibriados
Dithmenos
Elyvilon
Fedhas
Gozag
Hepliaklqana
Kikubaaqudgha
Makhleb
Nemelex Xobeh
Okawaru
Qazlal
Ru
Sif Muna
Trog
Uskayaw
Vehumet
Xom
Yredelemnul
Zin
The Shining One

Annotations:
D:8 exclusion: oklob plant
D:10 Sar's ghost, novice BaIE


Message History

The black mamba closely misses you.
You miss the black mamba.
The black mamba is moderately wounded.
The black mamba bites you.
* * * LOW HITPOINT WARNING * * *
You are poisoned.
The black mamba poisons you! The black mamba bites you!
* * * LOW HITPOINT WARNING * * *
You are more poisoned.
The black mamba poisons you!
You are confused.
You feel invigorated.
* * * LOW HITPOINT WARNING * * *
You feel very sick. The black mamba closely misses you.
You're too confused to move!
* * * LOW HITPOINT WARNING * * *
You feel sick. The black mamba barely misses you.
The blink frog closely misses you. The black mamba bites you!
You die...

#. ###. .###...
...§... #......##
#......## ######
#....S.F####.##.##
#...####S.......).#
... #@#..÷......# .
#.F.........#
#...........##
#P..........<#
##...........#
#...........#
##.P.......#..
########.###. ##


You could see a black mamba and 2 blink frogs.

Vanquished Creatures
  4 two-headed ogres
  The ghost of crawlian the Cleaver, a novice BaGl of Cheibriados (D:8)
  3 hippogriffs
  2 wraiths
  A wyvern (D:7)
  A human (D:8)
  A hungry ghost (D:11)
  A porcupine (Lair:1)
  5 orc warriors
  A phantom (D:9)
  5 ice beasts
  2 black bears
  2 necrophages
  3 sky beasts
  6 ogres
  6 centaurs
  4 bullfrogs
  A scorpion (D:4)
  10 killer bees
  A bullfrog zombie (D:9)
  4 howler monkeys
  2 crimson imps
  6 orc priests
  6 hounds
  3 centaur skeletons
  6 iguanas
  9 orc wizards
  8 worker ants
  Natasha (thrice) (D:3)
  A hound zombie (D:10)
  2 hound skeletons
  A worker ant zombie (D:3)
  8 gnolls
  15 adders
  5 shadow imps
  2 oozes
  An adder skeleton (D:8)
  A worm (D:5)
  5 dart slugs
  4 leopard geckos
  40 orcs
  6 giant cockroaches
  11 hobgoblins
  11 jackals
  8 kobolds
  2 quokkas
  8 bats
  4 frilled lizards
  3 goblins
  8 rats
253 creatures vanquished.

Vanquished Creatures (others)
  4 plants (D:11)
4 creatures vanquished.

Grand Total: 257 creatures vanquished

Notes
Turn   | Place    | Note
-------+----------+-------------------------------------------
     0 | D:1      | Yakui the Human Fighter began the quest for the Orb.
     0 | D:1      | Reached XP level 1. HP: 18/18 MP: 1/1
    67 | D:1      | Reached XP level 2. HP: 21/24 MP: 2/2
   508 | D:1      | Reached XP level 3. HP: 29/29 MP: 3/3
   686 | D:1      | Reached skill level 1 in Dodging
   931 | D:2      | Reached skill level 3 in Polearms
   965 | D:2      | Reached XP level 4. HP: 31/35 MP: 4/4
  1042 | D:2      | Found a burning altar of Makhleb.
  1042 | D:2      | Found a glowing silver altar of Zin.
  1043 | D:2      | Noticed an angel
  1043 | D:2      | Noticed an Executioner
  1048 | D:2      | Became a worshipper of Makhleb the Destroyer
  1996 | D:3      | You fall through a shaft for 3 floors!
  2008 | D:5      | Entered Level 5 of the Dungeon
  2040 | D:4      | Reached skill level 1 in Invocations
  2040 | D:4      | Reached XP level 5. HP: 41/41 MP: 5/5
  2079 | D:4      | Reached * piety under Makhleb
  2083 | D:4      | Reached skill level 4 in Polearms
  2108 | D:4      | Reached XP level 6. HP: 12/48 MP: 7/7
  2340 | D:4      | Noticed an ogre
  2944 | D:3      | Noticed Natasha
  2947 | D:3      | Killed Natasha
  2966 | D:3      | Noticed Natasha
  2980 | D:3      | Killed Natasha
  3329 | D:3      | Noticed Natasha
  3336 | D:3      | Killed Natasha
  3336 | D:3      | Reached XP level 7. HP: 54/54 MP: 8/8
  3491 | D:3      | Reached skill level 5 in Polearms
  3897 | D:4      | Found a hide-covered altar of Uskayaw.
  3958 | D:4      | Found a glowing golden altar of the Shining One.
  3958 | D:4      | Found a shattered altar of Ashenzari.
  3959 | D:4      | Found a sparkling altar of Nemelex Xobeh.
  3959 | D:4      | Found an ancient bone altar of Kikubaaqudgha.
  3961 | D:4      | Found a snail-covered altar of Cheibriados.
  3962 | D:4      | Found a hazy altar of Hepliaklqana.
  4041 | D:4      | Reached ** piety under Makhleb
  4371 | D:4      | Found a stormy altar of Qazlal.
  4712 | D:4      | Reached XP level 8. HP: 61/61 MP: 10/10
  5218 | D:5      | Reached skill level 6 in Polearms
  5232 | D:5      | HP: 1/91 [killer bee (4)]
  5244 | D:5      | Reached skill level 5 in Fighting
  6106 | D:5      | Found a sparkling altar of Nemelex Xobeh.
  6245 | D:5      | Reached XP level 9. HP: 65/68 MP: 12/12
  6488 | D:6      | Reached skill level 7 in Polearms
  6784 | D:6      | Found a white marble altar of Elyvilon.
  7236 | D:6      | Reached skill level 5 in Invocations
  7727 | D:7      | Reached *** piety under Makhleb
  7878 | D:7      | Reached skill level 5 in Dodging
  8131 | D:6      | Reached skill level 5 in Armour
  8356 | D:7      | Reached skill level 8 in Polearms
  8412 | D:7      | Found a staircase to the Ecumenical Temple.
  8422 | Temple   | Entered the Ecumenical Temple
  8876 | D:7      | Reached XP level 10. HP: 76/76 MP: 14/14
  9009 | D:8      | Noticed crawlian's ghost (novice BaGl)
  9414 | D:8      | Noticed a two-headed ogre
  9433 | D:7      | Killed a two-headed ogre
  9465 | D:7      | Reached skill level 9 in Polearms
  9699 | D:8      | Killed crawlian's ghost
 10179 | D:8      | Found a blossoming altar of Fedhas.
 10193 | D:8      | Noticed an oklob plant
 10661 | D:9      | Reached **** piety under Makhleb
 10771 | D:9      | Found a basalt altar of Yredelemnul.
 10892 | D:9      | Reached XP level 11. HP: 77/84 MP: 16/16
 10999 | D:9      | Got a polished flail
 11000 | D:9      | Identified the +3 flail "Yakui's Bane" {crush, +Inv rN+} (You found it on level 9 of the Dungeon)
 11853 | D:10     | Entered Level 10 of the Dungeon
 11982 | D:10     | Reached skill level 10 in Polearms
 11996 | D:10     | Noticed a two-headed ogre
 12003 | D:10     | Killed a two-headed ogre
 12037 | D:10     | Noticed Sar's ghost (novice BaIE)
 12076 | D:10     | HP: 3/84 [Sar's ghost (15)]
 13037 | D:11     | Found a staircase to the Orcish Mines.
 13071 | D:12     | Noticed a two-headed ogre
 13079 | D:12     | Killed a two-headed ogre
 13209 | D:11     | Found a staircase to the Lair.
 13292 | D:11     | Noticed a two-headed ogre
 13303 | D:11     | Killed a two-headed ogre
 13762 | Lair:1   | Entered Level 1 of the Lair of Beasts
 13795 | Lair:1   | Slain by a black mamba

Vault maps used:
D:1:      mrwooster_arrival_arrow, minmay_quantized
D:2:      grunt_temple_overflow_order_and_chaos_2, serial_forest,
          infiniplex_forest_clump_tiny, infiniplex_forest_lined_3,
          infiniplex_forest_join, infiniplex_forest_lined_2,
          infiniplex_forest_straight_3, infiniplex_forest_join,
          infiniplex_forest_lined_room_2, infiniplex_forest_clump_small
D:3:      minmay_wonky_spiral, uniq_natasha
D:4:      grunt_temple_overflow_open, grunt_qazlal_clouds
D:5:      first_bread, basic_altar
D:6:      lemuel_crystal_altar
D:8:      grunt_pizzeria, tgw_fedhas
D:9:      basic_altar, st_stairs_12
D:11:     david_lair_shrubbed, david_orc_3, serial_bayou_pond_e,
          roderic_lattice_a, minmay_holes
D:12:     enter_bailey_7, david_defended_altar_elf
Temple:   minmay_temple_curvy_loop

Skill      XL: |  1  2  3  4  5  6  7  8  9 10 11 |
---------------+----------------------------------+-----
Dodging        | 1 2 3 4 5 6 7 |  7.3
Polearms       | 3 4 5 6 8 9 10 | 10.8
Invocations    | 1 2 3 4 5 7 8 |  8.3
Fighting       | 4 5 6 7 |  7.9
Armour         | 4 5 6 7 |  7.1
Shields        | |  3.0

Action                   |  1- 3 |  4- 6 |  7- 9 | 10-12 || total
-------------------------+-------+-------+-------+-------++-------
Melee: Trident           |    86 |   196 |   526 |       ||   808
       Halberd           |       |       |    69 |   466 ||   535
Invok: Minor Destruction |       |       |    15 |    24 ||    39
       Lesser Servant of |       |       |       |     2 ||     2
 Abil: Evoke Berserk Rag |       |       |     1 |       ||     1
Evoke: Wand              |       |     1 |       |       ||     1
  Use: Scroll            |       |       |    14 |     8 ||    22
       Potion            |       |       |     8 |     2 ||    10
 Stab: Distracted        |       |       |     2 |       ||     2
  Eat: Chunk             |       |     8 |    16 |    15 ||    39
       Pizza             |       |       |     1 |       ||     1
       Fruit             |       |       |     2 |     1 ||     3
       Beef jerky        |       |       |       |     2 ||     2
Armor: Scale mail        |    22 |    85 |   158 |       ||   265
       Skin              |       |       |    56 |       ||    56
       Plate armour      |       |       |   113 |   315 ||   428
Dodge: Dodged            |    32 |    87 |   313 |   230 ||   662
